 Dungeon Crawl Stone Soup version 0.27-a0-1378-gdefffd1ff6 (webtiles) character file.

Game seed: 1931769658707837285

844 sagitran the Chopper (level 8, -1/67 HPs)
             Began as a Gnoll Chaos Knight on June 29, 2021.
             Was a Plaything of Xom.
             Slain by an ogre (19 damage)
             ... on level 5 of the Dungeon.
             The game lasted 00:14:18 (2968 turns).

sagitran the Chopper (Gnoll Chaos Knight)           Turns: 2968, Time: 00:14:19

Health: -1/67      AC: 12    Str: 13    XL:     8   Next: 0%
Magic:  12/12      EV:  9    Int: 13    God:    Xom [..*...]
Gold:   141        SH:  0    Dex: 11    Spells: 8/12 levels left

rFire    + . .     SeeInvis .   a - +0 hand axe (chaos)
rCold    . . .     Faith    .   (no shield)
rNeg     + . .     Spirit   .   p - +0 pearl dragon scales
rPois    .         Reflect  .   (no helmet)
rElec    .         Harm     .   (no cloak)
rCorr    .         Rampage  .   (no gloves)
Will     .....                  (no boots)
Stlth    ..........             (no amulet)
HPRegen  0.21/turn              h - ring of protection from fire
MPRegen  0.13/turn              (no ring)

@: no status effects
A: fangs 2, strong nose, distributed training
a: Renounce Religion


You were on level 5 of the Dungeon.
You worshipped Xom.
You were a toy of Xom.
You visited 1 branch of the dungeon, and saw 5 of its levels.
You also visited: Sewer.

You collected 141 gold pieces.

Inventory:

Hand Weapons
 a - a +0 hand axe of chaos (weapon)
 k - a +2 vampiric whip
Armour
 b - a +2 leather armour
 p - +0 pearl dragon scales (worn)
Jewellery
 h - a ring of protection from fire (left hand)
Wands
 n - a wand of paralysis (7)
Scrolls
 c - 3 scrolls of identify
 d - a scroll of noise
 e - a scroll of blinking {unknown}
 g - a scroll of holy word {unknown}
 i - a scroll of immolation {unknown}
 l - 5 scrolls of teleportation {unknown}
 m - 2 scrolls of magic mapping {unknown}
 o - 2 scrolls of enchant weapon {unknown}
Potions
 f - a potion of curing
 j - 2 potions of magic {unknown}
 q - a potion of ambrosia
 r - 2 potions of flight
 s - a potion of might {unknown}
 t - a potion of haste
 u - 2 potions of heal wounds


   Skills:
 + Level 7.2 Fighting
 + Level 2.8 Short Blades
 + Level 2.8 Long Blades
 + Level 7.2 Axes
 + Level 2.8 Maces & Flails
 + Level 2.8 Polearms
 + Level 2.8 Staves
 + Level 2.8 Slings
 + Level 2.8 Bows
 + Level 2.8 Crossbows
 + Level 2.8 Throwing
 + Level 5.4 Armour
 + Level 3.9 Dodging
 + Level 2.8 Stealth
 + Level 2.8 Shields
 + Level 2.8 Unarmed Combat
 + Level 2.8 Spellcasting
 + Level 2.3 Conjurations
 + Level 2.3 Hexes
 + Level 2.3 Summonings
 + Level 2.3 Necromancy
 + Level 2.3 Translocations
 + Level 2.3 Transmutations
 + Level 2.3 Fire Magic
 + Level 2.3 Ice Magic
 + Level 2.3 Air Magic
 + Level 2.3 Earth Magic
 + Level 2.3 Poison Magic
 + Level 3.1 Invocations
 + Level 2.8 Evocations


You had 8 spell levels left.
You knew the following spells:

 Your Spells              Type           Power      Damage    Failure   Level
a - Shock                 Conj/Air       28%        1d4       45%         1
b - Swiftness             Air            7%         N/A       83%         3

Your spell library contained the following spells:

 Spells                   Type           Power      Damage    Failure   Level
 Animate Skeleton         Necr           14%        N/A       45%         1
 Apportation              Tloc           14%        N/A       45%         1
 Corona                   Hex            7%         N/A       45%         1
 Summon Small Mammal      Summ           28%        N/A       45%         1
 Static Discharge         Conj/Air       7%         N/A       58%         2
 Airstrike                Air            3%         N/A       99%         4
 Lightning Bolt           Conj/Air       3%         1d15      100%        5


Dungeon Overview and Level Annotations

Branches:
Dungeon (5/15)             Temple (0/1) D:4           Sewer (visited)

Altars:
Dithmenos
Xom

Shops:
D:3 ([


Innate Abilities, Weirdness & Mutations

You have extremely sharp teeth.
Your uncanny sense of smell can sniff out nearby items.
Your experience applies equally to all skills.


Message History

The orc wizard dies!
Something hits the worm!!
The worm dies!
The gnoll hits you but does no damage.
Things that are here:
a +0 dagger; an orc corpse You barely miss the gnoll.
The gnoll is moderately wounded.
Your +0 spear hits the gnoll from afar!!
The gnoll dies!
Things that are here:
a +0 spear; a +0 halberd You swap places.
You see here a gnoll corpse.
Things that are here:
a +0 dagger; a +0 robe You are starting to lose your buoyancy.
The hound zombie bites you.
You slash the hound zombie! You burn the hound zombie.
The hound zombie is heavily damaged.
Your +0 spear hits the hound zombie from afar!!
The hound zombie is destroyed!
You have reached level 8!
You feel stronger.
You float gracefully downwards.
c - 3 scrolls of identify (gained 1)
Your +0 spear falls from the air.
u - 2 potions of heal wounds (gained 1) Magic restored.
An ogre comes into view. It is wielding a +0 giant club.
The ogre shouts!
You hit the ogre but do no damage.
The ogre flickers and vanishes!
Deactivating autopickup; reactivate with Ctrl-A.
You bite something. Something hits you!!
You barely miss something. Something hits you.
You slash something! Something hits you!
* * * LOW HITPOINT WARNING * * *
You hit something but do no damage. You hit something.
Nothing appears to happen.
Something hits you!!
You die...

##### ######...#
#......#.##
############...{@....##
...............#......#
#............)###.....#
#.##.####.##..###..##.#
.....####.###..#..###.#
#.#........##.....##..####
#.#...#..................#
.gg...#.$##).รท......##...#
.##.(##.####..._...## #..#


There were no monsters in sight!

Vanquished Creatures
  A moth of wrath (shapeshifter) (Sewer)
  A sky beast (D:5)
  An ogre (D:5)
  An orc priest (D:2)
  A bullfrog skeleton (D:5)
  An orc wizard (D:3)
  A hound skeleton (D:5)
  A gnoll (D:5)
  3 adders
  2 worms
  A dart slug (D:1)
  17 orcs
  3 endoplasms (D:1)
  A giant cockroach (D:3)
  8 goblins
  4 hobgoblins
  4 jackals
  12 ball pythons
  6 bats
  6 frilled lizards
  10 kobolds
  9 rats
94 creatures vanquished.

Vanquished Creatures (collateral kills)
  A howler monkey (D:5)
  An orc wizard (D:5)
  A hound zombie (D:5)
  3 gnolls (D:5)
  2 worms (D:5)
8 creatures vanquished.

Grand Total: 102 creatures vanquished

Notes
Turn   | Place    | Note
-------+----------+-------------------------------------------
     0 | D:1      | sagitran the Gnoll Chaos Knight began the quest for the
                  | Orb.
     0 | D:1      | Reached XP level 1. HP: 23/23 MP: 1/1
    79 | D:1      | XOM: divination: detect items
   198 | D:2      | Reached XP level 2. HP: 18/29 MP: 2/2
   284 | D:1      | XOM: silly message
   581 | D:1      | Reached XP level 3. HP: 35/35 MP: 3/3
   628 | D:1      | You fall into a shaft and drop 1 floor!
   756 | D:2      | Found a shimmering altar of Xom.
   805 | D:2      | XOM: silly message
   875 | D:2      | Reached skill level 1 in Invocations
  1189 | D:2      | Reached skill level 1 in Short Blades
  1189 | D:2      | Reached skill level 1 in Long Blades
  1189 | D:2      | Reached skill level 1 in Maces & Flails
  1189 | D:2      | Reached skill level 1 in Polearms
  1189 | D:2      | Reached skill level 1 in Staves
  1189 | D:2      | Reached skill level 1 in Slings
  1189 | D:2      | Reached skill level 1 in Bows
  1189 | D:2      | Reached skill level 1 in Crossbows
  1189 | D:2      | Reached skill level 1 in Throwing
  1189 | D:2      | Reached skill level 1 in Stealth
  1189 | D:2      | Reached skill level 1 in Shields
  1189 | D:2      | Reached skill level 1 in Unarmed Combat
  1189 | D:2      | Reached skill level 1 in Spellcasting
  1189 | D:2      | Reached skill level 1 in Evocations
  1189 | D:2      | Reached XP level 4. HP: 21/41 MP: 5/5
  1219 | D:2      | XOM: divination: detect creatures
  1375 | D:3      | XOM: potion effect (haste)
  1383 | D:3      | Reached skill level 1 in Conjurations
  1383 | D:3      | Reached skill level 1 in Hexes
  1383 | D:3      | Reached skill level 1 in Summonings
  1383 | D:3      | Reached skill level 1 in Necromancy
  1383 | D:3      | Reached skill level 1 in Translocations
  1383 | D:3      | Reached skill level 1 in Transmutations
  1383 | D:3      | Reached skill level 1 in Fire Magic
  1383 | D:3      | Reached skill level 1 in Ice Magic
  1383 | D:3      | Reached skill level 1 in Air Magic
  1383 | D:3      | Reached skill level 1 in Earth Magic
  1383 | D:3      | Reached skill level 1 in Poison Magic
  1583 | D:3      | Reached XP level 5. HP: 43/47 MP: 6/6
  1610 | D:3      | Found Uskon's Weapon Boutique.
  1623 | D:3      | Found Yjua's Antique Armour Shop.
  1909 | D:3      | XOM: 1-stop teleportation journey
  2077 | D:4      | Learned a level 1 spell: Shock
  2081 | D:4      | Learned a level 3 spell: Swiftness
  2134 | D:4      | Found a staircase to the Ecumenical Temple.
  2157 | D:5      | Entered Level 5 of the Dungeon
  2202 | D:5      | Noticed a sky beast
  2202 | D:5      | Noticed an ogre
  2228 | D:5      | XOM: scenery: create altars
  2244 | D:5      | Noticed a necrophage
  2263 | D:5      | Killed a sky beast
  2264 | D:5      | Reached XP level 6. HP: 35/53 MP: 8/8
  2366 | D:5      | XOM: give mutation
  2366 | D:5      | Gained mutation: You have extremely sharp teeth. [Xom's
                  | grace]
  2396 | D:5      | Reached skill level 5 in Armour
  2511 | D:4      | XOM: cast spell 'Metabolic Englaciation'
  2535 | D:5      | Found a shadowy altar of Dithmenos.
  2541 | D:5      | XOM: cast spell 'Summon Hydra'
  2571 | D:5      | Found a glowing drain.
  2581 | Sewer    | Entered a sewer
  2700 | Sewer    | XOM: polymorph rat -> jackal
  2733 | Sewer    | Noticed a shapeshifter
  2733 | Sewer    | a kobold brigand changed into a shapeshifter
  2733 | Sewer    | Noticed a moth of wrath
  2733 | Sewer    | a shapeshifter changed into a moth of wrath
  2743 | Sewer    | Killed a moth of wrath
  2744 | Sewer    | Reached XP level 7. HP: 38/60 MP: 9/11
  2874 | D:5      | Reached XP level 8. HP: 30/67 MP: 7/12
  2968 | D:5      | Slain by an ogre

Illustrated notes

Levels and vault maps discovered:
D:1:      scummos_arrival_hexagon, layout_loops_ring, minmay_domino_4
D:2:      layout_basic, basic_altar, minmay_large_rounded_square,
          amcnicky_mini_rare_corridor_liquid
D:3:      layout_loops_cross, serial_shops, shop, shop_fountains
D:4:      layout_basic, gammafunk_temple_overflow_pools,
          minmay_temple_entry_offerings
D:5:      layout_loops_ring, lemuel_doored_altar,
          nicolae_dithmenos_shadow_blocks, cheibrodos_sewer_entry_sluice,
          minmay_puff

Skill      XL: |  1  2  3  4  5  6 |
---------------+-------------------+-----
Invocations    | 1 2 3 |  3.1
Short Blades   | 1 2 |  2.8
Long Blades    | 1 2 |  2.8
Maces & Flails | 1 2 |  2.8
Polearms       | 1 2 |  2.8
Staves         | 1 2 |  2.8
Slings         | 1 2 |  2.8
Bows           | 1 2 |  2.8
Crossbows      | 1 2 |  2.8
Throwing       | 1 2 |  2.8
Stealth        | 1 2 |  2.8
Shields        | 1 2 |  2.8
Unarmed Combat | 1 2 |  2.8
Spellcasting   | 1 2 |  2.8
Evocations     | 1 2 |  2.8
Conjurations   | 1 2 |  2.3
Hexes          | 1 2 |  2.3
Summonings     | 1 2 |  2.3
Necromancy     | 1 2 |  2.3
Translocations | 1 2 |  2.3
Transmutations | 1 2 |  2.3
Fire Magic     | 1 2 |  2.3
Ice Magic      | 1 2 |  2.3
Air Magic      | 1 2 |  2.3
Earth Magic    | 1 2 |  2.3
Poison Magic   | 1 2 |  2.3
Dodging        | 3 |  3.9
Armour         | 5 |  5.4
Fighting       | 7 |  7.2
Axes           | 7 |  7.2

Action                   |  1- 3 |  4- 6 |  7- 9 || total
-------------------------+-------+-------+-------++-------
Melee: Hand axe          |   107 |   190 |    27 ||   324
       Bite              |     7 |    16 |     3 ||    26
       Punch             |       |     2 |       ||     2
 Cast: Shock             |       |       |     6 ||     6
  Use: Potion            |     2 |     2 |     1 ||     5
       Scroll            |     1 |       |     1 ||     2
 Stab: Sleeping          |       |     2 |       ||     2
       Distracted        |       |     1 |       ||     1
Armor: Leather armour    |    50 |    40 |       ||    90
       Pearl dragon scal |       |    49 |    21 ||    70
Dodge: Dodged            |    73 |    92 |    23 ||   188

Table legend: (Time is in decaauts)
 A = Elapsed time spent in this place.
 B = Non-inter-level travel time spent in this place.
 C = Inter-level travel time spent in this place.
 D = Time resting spent in this place.
 E = Time spent auto-exploring this place.
 F = Levels seen in this place.
 G = Mean time per level.
                   A        B        C        D        E       F      G
               +--------+--------+--------+--------+--------+-----+--------+
         Total |   3007 |   3007 |      0 |    166 |   1097 |   6 |  501.2 |
       Dungeon |   2696 |   2696 |      0 |    166 |   1097 |   5 |  539.2 |
         Sewer |    311 |    311 |      0 |      0 |      0 |   1 |  311.0 |
               +--------+--------+--------+--------+--------+-----+--------+

Top non-repeatable levels by time:
     D:2: 824 daAuts
     D:3: 647 daAuts
     D:1: 528 daAuts
     D:5: 498 daAuts
   Sewer: 311 daAuts
     D:4: 198 daAuts
